[Event "66th HUN-ch Women 2018"]
[Site "Budapest"]
[Date "2018.12.04"]
[Round "2"]
[White "Terbe, Julianna"]
[Black "Egyed, Judit"]
[Result "1-0"]
[ECO "A43"]
[WhiteElo "2272"]
[BlackElo "2045"]
[Annotator "ChessBase"]
[PlyCount "75"]
[EventDate "2018.12.03"]
[EventType "tourn"]
[EventCountry "HUN"]
[SourceTitle "playchess.com"]
[Source "ChessBase"]
[SourceQuality "1"]
[TimeControl "40/5400+30:1800+30"]

1. d4 c5 2. d5 g6 3. e4 Bg7 4. c4 d6 5. Nf3 e6 6. Be2 Ne7 7. O-O O-O 8. Nc3 h6 9. h3 exd5 10. cxd5 f5 11. Nd2 f4 12. Nc4 a6 13. a4 Rf6 14. a5 Nd7 15. Na4 Qf8 16. Bd2 Ne5 17. Nxe5 dxe5 18. Bc3 Rd6 19. Nxc5 Qf6 20. Nd3 Qg5 21. Bg4 h5 22. Bxc8 Rxc8 23. Ne1 Qh6 24. h4 g5 25. hxg5 Qxg5 26. Qf3 Ng6 27. Qh3 Qg4 28. f3 Qxh3 29. gxh3 Nh4 30. Ng2 Rg6 31. Rf2 Rg3 32. Raf1 Bf8 33. Kh2 Ng6 34. Re2 Rxc3 35. bxc3 Nh8 36. Nh4 Kf7 37. Rb2 Kf6 38. Rb6+ 1-0

[Event "66th HUN-ch Women 2018"]
[Site "Budapest"]
[Date "2018.12.04"]
[Round "2"]
[White "Terbe, Zsuzsanna"]
[Black "Varga, Klara"]
[Result "1/2-1/2"]
[ECO "A07"]
[WhiteElo "2180"]
[BlackElo "2242"]
[Annotator "ChessBase"]
[PlyCount "61"]
[EventDate "2018.12.03"]
[EventType "tourn"]
[EventCountry "HUN"]
[SourceTitle "playchess.com"]
[Source "ChessBase"]
[SourceQuality "1"]
[TimeControl "40/5400+30:1800+30"]

1. Nf3 d5 2. g3 Nf6 3. Bg2 c6 4. O-O Bg4 5. h3 Bxf3 6. Bxf3 Nbd7 7. d3 e5 8. e4 dxe4 9. dxe4 Bc5 10. Nd2 O-O 11. c3 a5 12. a4 Qe7 13. Qe2 Rfd8 14. Nc4 Qe6 15. Kg2 Nb6 16. Nxb6 Bxb6 17. Bg5 Rd6 18. Rfd1 Rad8 19. Rxd6 Rxd6 20. Bxf6 Qxf6 21. Rd1 Qd8 22. Rxd6 Qxd6 23. Qd1 Qc5 24. Qd2 g6 25. Bd1 Qc4 26. Bc2 Kg7 27. b3 Qe6 28. Qd3 Bc5 29. Bd1 h5 30. h4 Qf6 31. Bf3 1/2-1/2

[Event "66th HUN-ch Women 2018"]
[Site "Budapest"]
[Date "2018.12.04"]
[Round "2"]
[White "Erdos, Boglarka"]
[Black "Havanecz, Bianka"]
[Result "0-1"]
[ECO "A06"]
[WhiteElo "2137"]
[BlackElo "2247"]
[Annotator "NA"]
[PlyCount "184"]
[EventDate "2018.12.03"]
[EventType "tourn"]
[EventCountry "HUN"]
[SourceTitle "playchess.com"]
[Source "ChessBase"]
[SourceQuality "1"]
[TimeControl "40/5400+30:1800+30"]

1. Nf3 d5 2. g3 Nf6 3. Bg2 Bf5 4. c4 c6 5. O-O h6 6. d3 e6 7. cxd5 cxd5 8. Qb3 {[%emt 0:01:35] LiveBook: 19 Games A11: English Opening: 1...c6} Qc8 (8... Qb6 9. Qxb6 axb6 10. Nd4 Bh7 11. Nb5 Kd7 12. N1c3 Nc6 13. e4 dxe4 14. dxe4 Bc5 15. a3 Ke7 {1-0 (74) Petrosian,T (2636)-Grigoryan,A (2608) Martuni 2011}) 9. Bf4 Nc6 10. Rc1 Qd7 ({Black should play} 10... Be7 $14) 11. Nc3 Be7 12. Nb5 $146 ({Better is} 12. Ne5 $16 Nxe5 13. Bxe5) ({Predecessor:} 12. e4 Bh7 13. exd5 exd5 14. Ne5 Nxe5 15. Bxe5 {1-0 (37) Unzicker,F (2283)-Burschowsky,M (2169) Austria 2003}) 12... O-O 13. Ne5 Nxe5 14. Bxe5 Ng4 15. Rc7 Qd8 16. Bf4 g5 17. Rxe7 $1 Qxe7 18. Bd6 Qf6 19. Bxf8 Kxf8 20. h3 Ne5 21. Rc1 Nc6 {[%emt 0:05:51] [#]} 22. e4 ({White should try} 22. Nd6 $1 $16 Qe7 23. Qc3 (23. Qxb7 Qxb7 24. Nxb7 Nd4 $14)) 22... dxe4 23. dxe4 Bg6 24. Nd6 {[%emt 0:05:04] Discovered Attack (Double check)} Rd8 25. Nc4 Nd4 26. Qe3 e5 27. Nd2 Qa6 28. Rc7 Ne6 29. Rc4 {[%emt 0:00:40] [#]} Rxd2 $1 30. Rc8+ Rd8 31. Rxd8+ Nxd8 32. Qc5+ Kg7 33. Qxe5+ Qf6 34. Qc7 Qb6 35. Qe5+ Kh7 36. h4 Nc6 37. Qd5 Qd4 38. hxg5 Qxd5 39. exd5 Nd8 40. gxh6 Kxh6 41. Kf1 Kg5 42. Ke2 Kf6 43. Ke3 Ke7 44. Kd4 Kd6 45. g4 f5 46. gxf5 Bxf5 47. a3 Nf7 48. f4 Nh6 49. b4 Ng8 50. Bf3 Bc2 51. Kc3 Ba4 52. Kc4 Nf6 53. Bg2 b5+ 54. Kd4 Bb3 55. Bf1 {[%emt 0:00:29] [#]} a6 $1 ({Don't do} 55... Bxd5 56. Bxb5 Be4 57. Bc4 $17) 56. Bh3 Nxd5 57. Bc8 Nxf4 58. Bxa6 Ba4 59. Bc8 Ne6+ 60. Kc3 Ke5 61. Bd7 Nd4 62. Be8 Ke4 63. Bg6+ Ke3 64. Bh7 Ne2+ 65. Kb2 Kd4 66. Bg6 Nc3 67. Be8 Nd5 68. Bd7 Nb6 69. Be8 Nc4+ 70. Ka2 Kc3 71. Bd7 Bb3+ 72. Ka1 Nxa3 73. Be8 Bc4 74. Bd7 Nc2+ $2 (74... Bd3 {mates} 75. Ka2 Nc2 76. Be8 Nxb4+ 77. Ka1 Nc2+ 78. Kb1 Nb4+ 79. Ka1 Nc2+ 80. Kb1 b4 81. Ba4 Ne3+ 82. Kc1 Bc2 83. Bxc2 Nxc2 84. Kd1 Nd4 85. Ke1 b3 86. Kf1 b2 87. Kf2 b1=Q 88. Kg3 Qg6+ 89. Kf4 Kd3 90. Ke5 Ke3 91. Kd5 Qc6+ 92. Ke5 Qe6#) 75. Kb1 Nxb4 76. Bxb5 Bxb5 77. Ka1 Bc4 78. Kb1 Nc2 79. Kc1 Ba2 80. Kd1 Nd4 81. Kc1 Ne2+ 82. Kd1 Kd3 83. Ke1 Ke3 84. Kf1 Nf4 85. Ke1 Bb3 86. Kf1 Bc2 87. Kg1 Kf3 88. Kf1 Ng2 89. Kg1 Kg3 90. Kh1 Bd3 91. Kg1 Nf4 92. Kh1 Be2 0-1

[Event "66th HUN-ch Women 2018"]
[Site "Budapest"]
[Date "2018.12.04"]
[Round "2"]
[White "Gaal, Zsoka"]
[Black "Juhasz, Barbara"]
[Result "1/2-1/2"]
[ECO "A05"]
[WhiteElo "2020"]
[BlackElo "2176"]
[Annotator "ChessBase"]
[PlyCount "60"]
[EventDate "2018.12.03"]
[EventType "tourn"]
[EventCountry "HUN"]
[SourceTitle "playchess.com"]
[Source "ChessBase"]
[SourceQuality "1"]
[TimeControl "40/5400+30:1800+30"]

1. Nf3 Nf6 2. g3 g6 3. Bg2 Bg7 4. O-O d6 5. d4 O-O 6. b3 c5 7. c4 Nc6 8. Bb2 Bg4 9. d5 Na5 10. Nbd2 e5 11. dxe6 Bxe6 12. Rc1 Rc8 13. Bxf6 Bxf6 14. Ne4 Be7 15. Nc3 Nc6 16. Qd2 Qd7 17. Rfd1 Rfd8 18. Qf4 Qe8 19. h4 f6 20. Qe3 Qf7 21. Nd5 Bf8 22. Nf4 Re8 23. Nxe6 Qxe6 24. Qxe6+ Rxe6 25. e3 Ree8 26. Rd2 a6 27. Ne1 b5 28. Bd5+ Kg7 29. Nd3 f5 30. Kg2 Kf6 1/2-1/2

[Event "66th HUN-ch Women 2018"]
[Site "Budapest"]
[Date "2018.12.05"]
[Round "3"]
[White "Havanecz, Bianka"]
[Black "Gaal, Zsoka"]
[Result "1-0"]
[ECO "E67"]
[WhiteElo "2247"]
[BlackElo "2020"]
[Annotator "ChessBase"]
[PlyCount "105"]
[EventDate "2018.12.03"]
[EventType "tourn"]
[EventCountry "HUN"]
[SourceTitle "playchess.com"]
[Source "ChessBase"]
[SourceQuality "1"]
[TimeControl "40/5400+30:1800+30"]

1. d4 Nf6 2. Nf3 g6 3. g3 Bg7 4. Bg2 O-O 5. O-O d6 6. c4 Nbd7 7. Nc3 e5 8. Qc2 exd4 9. Nxd4 Nb6 10. Rd1 Nxc4 11. Ncb5 a6 12. Qxc4 axb5 13. Nxb5 Ne8 14. a4 c6 15. Nd4 d5 16. Qc2 Nd6 17. Bf4 Nf5 18. Nb3 Qf6 19. Ra2 Be6 20. Nc5 Nd4 21. Qd2 Qe7 22. Nxe6 Nxe6 23. Bh6 Bxh6 24. Qxh6 Qb4 25. Qh4 Qxh4 26. gxh4 Nc5 27. a5 Rfe8 28. b4 Ne4 29. Rc2 Nd6 30. h5 gxh5 31. Rd4 Re5 32. Bf3 Kg7 33. h4 Kf6 34. Kf1 Ke7 35. e3 Rf5 36. Ke2 Nb5 37. Rd1 Kf6 38. Rc5 d4 39. Rxf5+ Kxf5 40. Rg1 dxe3 41. fxe3 h6 42. Bxh5 f6 43. Rg7 Nd6 44. Bg4+ Ke5 45. Re7+ Kd5 46. Be6+ Ke5 47. Bb3+ Kf5 48. Kf3 Kg6 49. Rd7 c5 50. Rxd6 cxb4 51. Rd5 h5 52. Bc2+ Kh6 53. Rd7 1-0

[Event "66th HUN-ch Women 2018"]
[Site "Budapest"]
[Date "2018.12.05"]
[Round "3"]
[White "Gal, Hanna Krisztina"]
[Black "Terbe, Julianna"]
[Result "1-0"]
[ECO "C70"]
[WhiteElo "2189"]
[BlackElo "2272"]
[Annotator "ChessBase"]
[PlyCount "107"]
[EventDate "2018.12.03"]
[EventType "tourn"]
[EventCountry "HUN"]
[SourceTitle "playchess.com"]
[Source "ChessBase"]
[SourceQuality "1"]
[TimeControl "40/5400+30:1800+30"]

1. e4 e5 2. Nf3 Nc6 3. Bb5 a6 4. Ba4 b5 5. Bb3 Na5 6. O-O d6 7. d4 exd4 8. c3 Nxb3 9. axb3 Bb7 10. Bg5 f6 11. Bf4 Ne7 12. Nxd4 Qd7 13. Re1 g5 14. Qh5+ Ng6 15. Bg3 O-O-O 16. c4 b4 17. Nd2 Ne5 18. Qe2 h5 19. h4 Bh6 20. Nf1 Rdg8 21. hxg5 fxg5 22. Bxe5 dxe5 23. Nf5 Bf8 24. Qe3 g4 25. Ra5 c5 26. Rxc5+ Bxc5 27. Qxc5+ Kb8 28. Qxb4 Rg6 29. N1e3 g3 30. fxg3 Qd3 31. Nd5 h4 32. Qc3 Qxc3 33. bxc3 hxg3 34. Re3 Bc8 35. Nde7 Bxf5 36. exf5 Rd6 37. Nd5 Rdh6 38. Rxg3 Rh1+ 39. Kf2 Rb1 40. f6 Rf8 41. b4 a5 42. bxa5 Ra1 43. Re3 Rxa5 44. g4 Kc8 45. g5 Kd8 46. Rxe5 Rc5 47. Re4 Kd7 48. Ke3 Rc6 49. Kf4 Re6 50. g6 Rxe4+ 51. Kxe4 Ke6 52. g7 Rc8 53. Ne7 Rxc4+ 54. Kd3 {[%emt 0:00:05] Kd5 Ke4+} 1-0

[Event "66th HUN-ch Women 2018"]
[Site "Budapest"]
[Date "2018.12.05"]
[Round "3"]
[White "Juhasz, Barbara"]
[Black "Lakos, Nikoletta"]
[Result "1-0"]
[ECO "C41"]
[WhiteElo "2176"]
[BlackElo "2243"]
[Annotator "NA"]
[PlyCount "87"]
[EventDate "2018.12.03"]
[EventType "tourn"]
[EventCountry "HUN"]
[SourceTitle "playchess.com"]
[Source "ChessBase"]
[SourceQuality "1"]
[TimeControl "40/5400+30:1800+30"]

1. e4 d6 2. d4 Nf6 3. Nc3 e5 4. Nf3 Nbd7 5. Bc4 Be7 6. a4 O-O 7. O-O exd4 {[%emt 0:05:57] C41: Philidor Defence} (7... c6 8. Re1 b6 9. h3 a6 10. Ba2 Rb8 11. Be3 b5 12. axb5 axb5 13. b4 Bb7 14. Bb3 exd4 15. Nxd4 d5 16. exd5 Bxb4 17. Bd2 cxd5 18. Ncxb5 Bxd2 19. Qxd2 {½-½ (30) Kryvoruchko,Y (2705)-Laznicka,V (2671) Brest 2018}) 8. Qxd4 Nb6 9. Ba2 a5 {[%emt 0:00:54] LiveBook: 5 Games} 10. h3 Nfd7 11. Bf4 $146 ({Predecessor:} 11. Be3 Nc5 12. Rfd1 Be6 13. e5 Bxa2 14. Rxa2 Qc8 15. Qf4 {0-1 (73) Paramos Dominguez,R (2398)-Hoffman,A (2433) Famalicao 2015}) 11... Bf6 12. Qe3 Qe7 13. Nb5 Ne5 14. Bxe5 Bxe5 15. Nxe5 dxe5 16. Bb3 Be6 17. Rad1 Bxb3 18. Qxb3 (18. cxb3 $14 Nc8 19. Rd3) 18... Qc5 19. Rd3 Rfd8 (19... Qe7 $14) 20. Rc3 Qb4 21. Rxc7 Qxb3 22. cxb3 Nd7 (22... Rab8 $16 23. Rc5 f6) 23. Rd1 Nf6 24. Rxd8+ Rxd8 25. Nc3 b6 26. Rc6 h5 $2 (26... Rb8 27. f3 Kf8) 27. Rxb6 Rd2 28. b4 Nd7 (28... axb4 $142 29. Rxb4 Rd8) 29. Rb5 Rxb2 30. bxa5 Rc2 31. a6 Rxc3 32. a7 $18 Rc1+ 33. Kh2 Rc8 34. Rb7 Ra8 35. Rxd7 g6 36. Rb7 Kg7 37. Kg3 g5 38. h4 g4 39. f4 gxf3 40. Kxf3 Kg6 41. Rb6+ f6 42. Ra6 Kg7 43. g4 Kg6 44. g5 1-0

[Event "66th HUN-ch Women 2018"]
[Site "Budapest"]
[Date "2018.12.06"]
[Round "4"]
[White "Lakos, Nikoletta"]
[Black "Havanecz, Bianka"]
[Result "0-1"]
[ECO "C44"]
[WhiteElo "2243"]
[BlackElo "2247"]
[Annotator "NA"]
[PlyCount "136"]
[EventDate "2018.12.03"]
[EventType "tourn"]
[EventCountry "HUN"]
[SourceTitle "playchess.com"]
[Source "ChessBase"]
[SourceQuality "1"]
[TimeControl "40/5400+30:1800+30"]

1. e4 e5 2. Nf3 Nc6 3. d3 Nf6 4. Be2 d5 5. Nbd2 Be7 6. O-O O-O 7. a3 {[%emt 0:12:55] LiveBook: 4 Games C44: Ponziani Opening and Scotch Gambit} Bg4 $146 ({Predecessor:} 7... a5 8. b3 Be6 9. Bb2 Nd7 10. c3 f6 11. Re1 Nb6 12. Qc2 Qd7 13. b4 axb4 14. axb4 Rfe8 {½-½ (26) Kuzmicz,K (2485)-Koksal,E (2339) Skopje 2015}) 8. h3 Bh5 9. b4 dxe4 10. dxe4 Bg6 11. Bd3 a6 12. Bb2 Nd7 13. Nc4 f6 14. Nh4 Bf7 15. Nf5 Kh8 16. Nce3 Qe8 17. c4 Bd8 18. Nd5 Rg8 19. Qc2 Nf8 20. b5 Nb8 (20... axb5 $14 21. cxb5 Na5) 21. a4 c6 22. bxc6 Nxc6 23. Nd6 Qd7 24. Nxf7+ (24. Ba3 $16) 24... Qxf7 25. c5 Ne6 26. Bc4 Qg6 27. Ne3 Re8 28. Bxe6 Rxe6 29. Rfd1 Qe8 30. Nf5 Ba5 (30... Bc7 $142) 31. Qb3 Nd8 {[%emt 0:01:43] [#]} 32. Rd5 $1 b6 33. Nd6 Qc6 34. Nc4 (34. Ba3 $18 {and White stays clearly on top.}) 34... Nb7 35. cxb6 Bxb6 36. Rc1 Bc5 37. Nd2 (37. a5 $16 Rae8 38. Ba3 Bxa3 39. Qxa3) 37... Qb6 38. Rdxc5 $2 ({White should play} 38. Kf1 $11) 38... Nxc5 39. Rxc5 Qxb3 40. Nxb3 Rb6 41. Rc3 (41. Bxe5 $17 {was the only chance.} Rxb3 42. Bc3) 41... Rab8 42. Nc5 Rxb2 43. Nxa6 Ra8 44. Nc5 h5 45. g3 Rc8 46. Kg2 Rc6 47. g4 h4 48. g5 fxg5 49. Rb3 Rxb3 50. Nxb3 Rc4 51. Nd2 Rxa4 52. Nf3 Rxe4 53. Nxg5 Rf4 54. f3 Rf5 55. Ne4 Kh7 56. Kf2 Kg6 57. Ke3 Rf4 58. Ke2 Rf8 59. Ke3 Ra8 60. Nd6 Ra4 61. Nb5 Ra2 62. f4 Rh2 63. fxe5 Kf5 64. Nd4+ Kg6 $11 65. Kf4 Rxh3 66. Kg4 Re3 67. Nf3 Rxf3 68. Kxf3 Kf5 0-1

[Event "66th HUN-ch Women 2018"]
[Site "Budapest"]
[Date "2018.12.06"]
[Round "4"]
[White "Terbe, Zsuzsanna"]
[Black "Erdos, Boglarka"]
[Result "1-0"]
[ECO "D78"]
[WhiteElo "2180"]
[BlackElo "2137"]
[Annotator "NA"]
[PlyCount "97"]
[EventDate "2018.12.03"]
[EventType "tourn"]
[EventCountry "HUN"]
[SourceTitle "playchess.com"]
[Source "ChessBase"]
[SourceQuality "1"]
[TimeControl "40/5400+30:1800+30"]

1. Nf3 Nf6 2. g3 g6 3. Bg2 Bg7 4. O-O O-O 5. d4 d5 6. c4 c6 7. Qb3 a5 8. cxd5 {[%emt 0:00:57] D78: Fianchetto Grünfeld: 6 0-0 c6} a4 9. Qd1 cxd5 10. Nc3 Ne4 {[%emt 0:01:49] LiveBook: 8 Games} (10... a3 11. bxa3 Ne4 12. Bb2 Nxc3 13. Bxc3 Rxa3 14. Bb2 Ra6 15. Ne5 Nc6 {1-0 (37) Vachier Lagrave,M (2780)-Gupta,A (2588) chess.com INT 2018}) 11. Ne5 Bf5 12. Bf4 $146 ({Predecessor:} 12. Nxa4 Qa5 13. Nc3 Nxc3 14. bxc3 Qxc3 {½-½ (30) Khademalsharieh,S (2419)-Ni,S (2450) China 2017}) 12... a3 13. Nxe4 Bxe4 14. Bxe4 dxe4 15. bxa3 Rxa3 16. Be3 Qd5 17. Qc2 f6 18. Nc4 Ra6 $1 19. Nd2 f5 20. Qb3 Qxb3 21. Nxb3 Nc6 22. Rfd1 Rfa8 23. Rd2 (23. Rab1 $15) 23... Ra3 (23... b6 $17 24. Bg5 Kf7) 24. Nc5 b6 25. Ne6 Bf6 26. Rb1 Na5 27. Rc2 Ra4 28. Rbc1 Nb7 29. Rc8+ Kf7 30. Rxa8 Rxa8 31. d5 Rxa2 32. Rc8 g5 33. Bxg5 Ra5 $2 (33... Bxg5 $11 34. Nxg5+ Kf6 35. Nxh7+ Ke5) 34. Rf8+ Kg6 35. Bxf6 exf6 36. Rg8+ Kh6 37. Nf4 Nc5 38. Rb8 Ra1+ 39. Kg2 Rb1 40. Ne6 Nd7 $18 (40... Rb5 41. Nf8 Ra5 42. Rxb6 Kg7) 41. Rb7 Ne5 42. Nf8 Rb2 43. h4 Kh5 44. Rxh7+ Kg4 45. Rg7+ Kh5 46. Kh3 Ng4 47. Rh7+ Nh6 48. Ne6 Kg6 49. Rg7+ 1-0

[Event "66th HUN-ch Women 2018"]
[Site "Budapest"]
[Date "2018.12.06"]
[Round "4"]
[White "Egyed, Judit"]
[Black "Gal, Hanna Krisztina"]
[Result "0-1"]
[ECO "B42"]
[WhiteElo "2045"]
[BlackElo "2189"]
[Annotator "NA"]
[PlyCount "94"]
[EventDate "2018.12.03"]
[EventType "tourn"]
[EventCountry "HUN"]
[SourceTitle "playchess.com"]
[Source "ChessBase"]
[SourceQuality "1"]
[TimeControl "40/5400+30:1800+30"]

1. e4 c5 2. Nf3 e6 3. d4 cxd4 4. Nxd4 a6 5. Bd3 Nf6 6. O-O Qc7 7. Kh1 d6 8. f4 Nbd7 9. Nc3 Be7 10. Be3 {[%emt 0:00:11] B82: Sicilian Scheveningen: 6 f4} (10. Bd2 b6 11. Qe2 Bb7 12. Rae1 Nc5 13. e5 dxe5 14. fxe5 Nfd7 15. Qg4 Nxe5 16. Qg3 O-O-O 17. Ndb5 axb5 18. Nxb5 Rxd3 19. cxd3 {½-½ (55) Volokitin,A (2638)-Van Wely,L (2656) Saint-Quentin 2014}) 10... b5 11. a3 Bb7 12. Qf3 Nc5 13. Rae1 O-O {[%emt 0:03:10] LiveBook: 8 Games} 14. Bf2 g6 15. Qh3 e5 16. fxe5 dxe5 17. Nb3 $146 Nxb3 18. cxb3 Rad8 19. Rc1 Qd7 20. Qxd7 Rxd7 21. Bc2 b4 22. axb4 Bxb4 23. Be1 Ng4 24. Na4 Bxe1 25. Rfxe1 Rc7 26. Nc3 Rd8 27. Re2 Kg7 28. h3 Nf6 29. Kh2 Nh5 30. g3 Rcd7 31. Rf1 a5 32. Ref2 Rd2 33. Kg2 (33. Nb1 $17 Rxf2+ 34. Rxf2) 33... Ba6 34. Rd1 Rxd1 35. Bxd1 Nf6 36. Bc2 Bd3 37. Kf3 Bxc2 38. Rxc2 {[%emt 0:00:04] [#]} Rd3+ $1 39. Kf2 Nh5 40. Ne2 Rxb3 41. Rc5 $19 Rxb2 42. Rxa5 Nxg3 43. Kxg3 Rxe2 44. Rxe5 Re3+ 45. Kg2 Kf8 46. h4 f6 47. Re6 Kf7 0-1

[Event "66th HUN-ch Women 2018"]
[Site "Budapest"]
[Date "2018.12.06"]
[Round "4"]
[White "Gaal, Zsoka"]
[Black "Varga, Klara"]
[Result "1-0"]
[ECO "A46"]
[WhiteElo "2020"]
[BlackElo "2242"]
[Annotator "NA"]
[PlyCount "107"]
[EventDate "2018.12.03"]
[EventType "tourn"]
[EventCountry "HUN"]
[SourceTitle "playchess.com"]
[Source "ChessBase"]
[SourceQuality "1"]
[TimeControl "40/5400+30:1800+30"]

1. d4 Nf6 2. Nf3 e6 3. g3 c5 4. Bg2 Nc6 5. O-O d5 6. c4 dxc4 7. Qa4 Bd7 8. Qxc4 b5 9. Qd3 c4 10. Qd1 Rc8 11. Ne5 {[%emt 0:02:48] LiveBook: 10 Games E04: Open Catalan: 5 Nf3} Qc7 (11... Bd6 12. Nxd7 Qxd7 13. Nc3 a6 14. Bg5 Be7 15. e3 O-O 16. Qe2 Rfd8 17. Rfd1 (17. Bxf6 Bxf6 18. a4 Rb8 {½-½ (34) Mueller,M (2227)-Krzyzanowski,W (2242) LSS email 2013}) 17... Nd5 18. Bxe7 Qxe7 {½-½ (55) Fedoseev,V (2718)-Yu,Y (2751) Riadh 2017}) 12. Bf4 $146 Bd6 13. Nxd7 Qxd7 ({But not} 13... Kxd7 $6 14. Bg5 $16) 14. Bxd6 Qxd6 15. Na3 a6 16. Nc2 Rd8 17. a4 b4 18. Bxc6+ Qxc6 19. Nxb4 Qb6 20. Nc2 Qxb2 21. Rb1 Qc3 22. Nb4 O-O 23. e3 (23. Nc6 $16) 23... Ne4 24. Nc6 Rd6 25. Rc1 Qb3 26. Na5 Qb4 27. Nxc4 Rc6 28. Qd3 Nf6 29. Ne5 Rxc1 30. Rxc1 Qxa4 31. Kg2 h5 32. h4 Qa5 33. Rc5 Qa2 34. Qc2 Qa3 (34... Qxc2 $14 35. Rxc2 Ra8) 35. Rc8 a5 36. Qc7 Rxc8 37. Qxc8+ Qf8 {[%emt 0:00:10] [#]} 38. Qa6 $1 Qd8 39. Qa7 Qe8 40. Qxa5 Ng4 41. Nxg4 hxg4 42. Qe5 Qc6+ 43. Kh2 Qf3 $18 (43... f5 $11 {and Black stays safe.}) 44. Qb8+ Kh7 45. Qf4 Qxf4 46. gxf4 f5 47. Kg3 g6 48. f3 gxf3 49. Kxf3 Kg7 50. Ke2 Kf7 51. Kd3 Ke7 52. Kc4 Kd6 53. d5 exd5+ 54. Kd4 1-0

[Event "66th HUN-ch Women 2018"]
[Site "Budapest"]
[Date "2018.12.07"]
[Round "5"]
[White "Havanecz, Bianka"]
[Black "Terbe, Julianna"]
[Result "1-0"]
[ECO "E93"]
[WhiteElo "2247"]
[BlackElo "2272"]
[Annotator "RC"]
[PlyCount "89"]
[EventDate "2018.12.03"]
[EventType "tourn"]
[EventCountry "HUN"]
[SourceTitle "playchess.com"]
[Source "ChessBase"]
[SourceQuality "1"]
[TimeControl "40/5400+30:1800+30"]

1. d4 Nf6 2. c4 g6 3. Nf3 Bg7 4. Nc3 O-O 5. e4 d6 6. Be2 e5 7. d5 Nbd7 8. Bg5 h6 9. Be3 Ng4 10. Bd2 f5 11. exf5 gxf5 12. h3 Ngf6 13. O-O Nc5 14. Be1 a5 15. Nh2 Nfe4 16. Nxe4 fxe4 17. Bg4 Bxg4 18. Qxg4 Rf4 19. Qe2 b6 20. Bd2 Rf6 21. a4 Rg6 22. Qh5 Qe8 23. Ng4 Nb3 24. Rad1 Kh7 25. Qf5 Nxd2 26. Rxd2 Qxa4 27. Qxe4 Rf8 28. g3 h5 29. Ne3 Rf4 30. Qb1 Bh6 31. Re2 Qd7 32. Kh2 h4 33. Rg1 Kg7 34. Qxg6+ Kxg6 35. gxf4+ Kf7 36. fxe5 Bf4+ 37. Kg2 dxe5 38. Ng4 Qa4 39. Nxe5+ Bxe5 40. Rxe5 Qxc4 41. Rge1 Qb3 42. Re7+ Kf6 43. R1e6+ Kf5 44. Rf7+ Kg5 45. f4+ 1-0

[Event "66th HUN-ch Women 2018"]
[Site "Budapest"]
[Date "2018.12.07"]
[Round "5"]
[White "Gal, Hanna Krisztina"]
[Black "Terbe, Zsuzsanna"]
[Result "1/2-1/2"]
[ECO "B31"]
[WhiteElo "2189"]
[BlackElo "2180"]
[Annotator "RC"]
[PlyCount "169"]
[EventDate "2018.12.03"]
[EventType "tourn"]
[EventCountry "HUN"]
[SourceTitle "playchess.com"]
[Source "ChessBase"]
[SourceQuality "1"]
[TimeControl "40/5400+30:1800+30"]

1. e4 c5 2. Nf3 Nc6 3. Bb5 g6 4. Bxc6 bxc6 5. O-O Bg7 6. Re1 Nh6 7. c3 O-O 8. h3 Rb8 9. d3 d6 10. Na3 f6 11. Qa4 Qc7 12. d4 cxd4 13. Nxd4 Bd7 14. Qc4+ Nf7 15. Ne6 Bxe6 16. Qxe6 Qc8 17. Qxc8 Rfxc8 18. Nc4 d5 19. exd5 cxd5 20. Na5 Rc7 21. Nb3 e5 22. Rd1 Rb5 23. Rb1 Nd6 24. Nd2 Nf5 25. a4 Rb8 26. Ra1 Kf7 27. Ra3 Ke6 28. b4 d4 29. g4 dxc3 30. gxf5+ gxf5 31. Nb3 Rxb4 32. Be3 Bf8 33. Rc1 Rbb7 34. Nc5+ Bxc5 35. Raxc3 Bb6 36. Rxc7 Bxc7 37. Rc6+ Kf7 38. Bd2 Bb6 39. a5 Bd4 40. Be3 Bxe3 41. fxe3 Kg6 42. Kf2 Kg5 43. Kg3 f4+ 44. exf4+ exf4+ 45. Kf3 Rb3+ 46. Kg2 Rg3+ 47. Kh2 Ra3 48. Ra6 Kh4 49. Rxa7 Ra2+ 50. Kg1 h5 51. a6 Kxh3 52. Rg7 Rxa6 53. Kf2 Ra3 54. Rg6 f5 55. Rg5 Kh4 56. Rg8 Rg3 57. Rh8 Rh3 58. Rg8 Ra3 59. Rh8 Kg5 60. Rg8+ Kf6 61. Rf8+ Kg6 62. Rg8+ Kf7 63. Rg5 Kf6 64. Rxh5 Ke5 65. Rh8 f3 66. Rh4 Rb3 67. Ra4 Kf6 68. Ra6+ Kg5 69. Ra4 Rd3 70. Rb4 Rc3 71. Ra4 Kf6 72. Ra6+ Ke5 73. Ra4 Rd3 74. Rb4 Ra3 75. Rc4 Rd3 76. Ra4 f4 77. Ra8 Rc3 78. Re8+ Kd4 79. Rd8+ Ke4 80. Re8+ Kd3 81. Rd8+ Kc2 82. Rd4 Rd3 83. Rxd3 Kxd3 84. Kxf3 Kd4 85. Kxf4 1/2-1/2

[Event "66th HUN-ch Women 2018"]
[Site "Budapest"]
[Date "2018.12.08"]
[Round "6"]
[White "Terbe, Julianna"]
[Black "Varga, Klara"]
[Result "1/2-1/2"]
[ECO "A40"]
[WhiteElo "2272"]
[BlackElo "2242"]
[Annotator "NA"]
[PlyCount "102"]
[EventDate "2018.12.03"]
[EventType "tourn"]
[EventCountry "HUN"]
[SourceTitle "playchess.com"]
[Source "ChessBase"]
[SourceQuality "1"]
[TimeControl "40/5400+30:1800+30"]

1. d4 e6 2. Nf3 Nf6 3. Bf4 c5 4. e3 b6 5. Nc3 Bb7 6. Nb5 Na6 7. c3 cxd4 8. exd4 Be7 9. Bd3 O-O 10. O-O d6 11. h3 Nc7 12. a4 a6 13. Na3 Re8 14. Re1 Ncd5 15. Bh2 Bf8 16. Nc2 Nh5 17. Qd2 Qf6 18. Be4 Rab8 19. Ng5 Ndf4 20. h4 h6 21. Bxb7 Rxb7 22. Bxf4 Nxf4 23. Ne4 Qxh4 24. g3 Nh3+ 25. Kg2 Qh5 26. Rh1 Qd5 27. f3 Ng5 28. Nxg5 Qxg5 29. Qxg5 hxg5 30. Rh5 f6 31. Ne3 d5 32. f4 gxf4 33. gxf4 g6 34. Rh3 Rh7 35. Rxh7 Kxh7 36. Re1 Re7 37. Nc2 a5 38. Kf3 g5 39. fxg5 fxg5 40. Kg4 Kg6 41. Re5 Kf6 42. Ne1 Rh7 43. Nf3 Rh1 44. Nxg5 Rg1+ 45. Kh5 Bd6 46. Nh7+ Ke7 47. Re2 Bf4 48. Rf2 Be3 49. Rf3 Bc1 50. Rf2 Rg7 51. Nf6 Rg1 1/2-1/2

[Event "66th HUN-ch Women 2018"]
[Site "Budapest"]
[Date "2018.12.08"]
[Round "6"]
[White "Lakos, Nikoletta"]
[Black "Erdos, Boglarka"]
[Result "1-0"]
[ECO "C44"]
[WhiteElo "2243"]
[BlackElo "2137"]
[Annotator "NA"]
[PlyCount "65"]
[EventDate "2018.12.03"]
[EventType "tourn"]
[EventCountry "HUN"]
[SourceTitle "playchess.com"]
[Source "ChessBase"]
[SourceQuality "1"]
[TimeControl "40/5400+30:1800+30"]

1. e4 e5 2. Nf3 Nc6 3. d3 Nf6 4. Be2 d5 5. Nbd2 h6 6. O-O Be6 7. c3 Qd7 8. b4 a6 9. a4 Bd6 10. Bb2 O-O 11. b5 axb5 12. axb5 Ne7 13. exd5 Bxd5 14. c4 Bxf3 15. Nxf3 Ng6 16. d4 e4 17. Ne5 Qf5 18. Nxg6 Qxg6 19. c5 Bf4 20. g3 Bg5 21. d5 Rxa1 22. Bxa1 Rd8 23. Bxf6 Bxf6 24. Bc4 b6 25. d6 cxd6 26. cxb6 Be5 27. Bd5 Rb8 28. b7 h5 29. Qc2 Qf5 30. Rc1 Bc3 31. Bxe4 Qe5 32. Qxc3 Qxe4 33. Qc8+ 1-0

[Event "66th HUN-ch Women 2018"]
[Site "Budapest"]
[Date "2018.12.08"]
[Round "6"]
[White "Gal, Hanna Krisztina"]
[Black "Juhasz, Barbara"]
[Result "1-0"]
[ECO "B44"]
[WhiteElo "2189"]
[BlackElo "2176"]
[Annotator "NA"]
[PlyCount "82"]
[EventDate "2018.12.03"]
[EventType "tourn"]
[EventCountry "HUN"]
[SourceTitle "playchess.com"]
[Source "ChessBase"]
[SourceQuality "1"]
[TimeControl "40/5400+30:1800+30"]

1. e4 c5 2. Nf3 e6 3. d4 cxd4 4. Nxd4 Nc6 5. Nb5 d6 6. c4 Nf6 7. N1c3 a6 8. Na3 b6 9. Be2 Bb7 10. Be3 Be7 11. O-O O-O 12. f3 Re8 13. Qd2 d5 14. cxd5 exd5 15. exd5 Nb4 16. d6 Bxd6 17. Nc4 Rxe3 18. Nxd6 Re7 19. Rfd1 Rd7 20. a3 Nc6 21. Nxb7 Rxd2 22. Nxd8 Raxd8 23. Rxd2 Rxd2 24. Rd1 Rxd1+ 25. Bxd1 Kf8 26. Kf2 Ke7 27. Ke3 h6 28. f4 Kd6 29. h3 Na5 30. Be2 b5 31. b4 Nc6 32. Ne4+ Nxe4 33. Kxe4 f5+ 34. Ke3 Ne7 35. g3 Nc6 36. h4 g6 37. g4 fxg4 38. Bxg4 a5 39. bxa5 Nxa5 40. Kd4 Nc6+ 41. Ke4 b4 1-0